 Dungeon Crawl Stone Soup version 0.27.1-37-g7b29ead8ac (console) character file.

Game seed: 13410552412450814711

4 grimtooth the Vexing (level 1, 0/13 HPs)
             Began as a Vampire Enchanter on June 5, 2023.
             Killed from afar by a dart slug (4 damage)
             ... with a slug dart
             ... on level 1 of the Dungeon.
             The game lasted 00:03:19 (339 turns).

grimtooth the Vexing (Vampire Enchanter)             Turns: 339, Time: 00:03:19

Health: 0/13       AC:  2    Str:  7    XL:     1   Next: 50%
Magic:  1/3        EV: 12    Int: 17    God:
Gold:   32         SH:  0    Dex: 14    Spells: 3/4 levels left

rFire    . . .     SeeInvis +   a - +1 dagger
rCold    . . .     Faith    .   (no shield)
rNeg     . . .     Spirit   .   b - +0 robe
rPois    .         Reflect  .   (no helmet)
rElec    .         Harm     .   (no cloak)
rCorr    .         Rampage  .   (no gloves)
Will     .....                  (no boots)
Stlth    +++.......             (no amulet)
HPRegen  0.24/turn              (no ring)
MPRegen  0.08/turn              (no ring)

@: healing quickly
A: alive, fangs 3, see invisible, vampiric 1
a: Exsanguinate


You were on level 1 of the Dungeon.
You visited 1 branch of the dungeon, and saw 1 of its levels.

You collected 32 gold pieces.

Inventory:

Hand Weapons
 a - a +1 dagger (weapon)
Armour
 b - a +0 robe (worn)
Scrolls
 c - 2 scrolls of acquirement {unknown}


   Skills:
 * Level 1.5 Short Blades
 - Level 2.1 Dodging
 - Level 4.4 Stealth
 - Level 2.0 Spellcasting
 + Level 4.5 Hexes


You had 3 spell levels left.
You knew the following spells:

 Your Spells              Type           Power      Damage    Failure   Level
a - Corona                Hex            18%        N/A       3%          1

Your spell library contained the following spells:

 Spells                   Type           Power      Damage    Failure   Level
 Confusing Touch          Hex            17%        N/A       9%          3
 Tukima's Dance           Hex            17%        N/A       9%          3
 Ensorcelled Hibernation  Hex/Ice        18%        N/A       12%         2
 Dazzling Flash           Conj/Hex       18%        N/A       22%         3


Dungeon Overview and Level Annotations

Branches:
Dungeon (1/15)

Altars:


Innate Abilities, Weirdness & Mutations

Your natural rate of healing is accelerated.
You have razor-sharp teeth.
You have supernaturally acute eyesight. (SInv)
You are afflicted with vampirism.


Message History

Confirm with . or Enter, or press ? or * to list all spells.
Aiming: Corona (safe; 3% risk of failure)
Press: ? - help, Shift-Dir - straight line, f - dart slug
Aim: a dart slug (chance to affect: 71%)
The dart slug barely resists.
Casting: Corona (safe; 3% risk of failure)
Confirm with . or Enter, or press ? or * to list all spells.
Aiming: Corona (safe; 3% risk of failure)
Press: ? - help, Shift-Dir - straight line, f/p - dart slug
Aim: a dart slug (chance to affect: 71%)
The dart slug is outlined in light.
The dart slug closely misses you.
You hit the dart slug.
The dart slug is lightly wounded.
You hit the dart slug.
The dart slug is heavily wounded.
The dart slug launches a dart at you.
The slug dart hits you but does no damage.
You hit the dart slug but do no damage.
The dart slug is heavily wounded.
The dart slug launches a dart at you. The slug dart hits you.
You hit the dart slug but do no damage.
The dart slug is heavily wounded.
You hit the dart slug.
You bite the dart slug, but do no damage.
The dart slug is severely wounded.
The dart slug stops glowing.
The dart slug launches a dart at you. The slug dart hits you.
* * * LOW HITPOINT WARNING * * *
Press: ? - help, v - describe, . - travel
Here: a dart slug (severely wounded)
The floor.
Enter note: - wow a slug kills me You hit the dart slug.
You bite the dart slug.
The dart slug is almost dead.
The dart slug launches a dart at you. The slug dart hits you.
You die...

#.#######.## ###
#.#######.#####
#.##≈≈..≈.....### #
#.#...≈≈≈.....≈.. #
##.≈.≈...≈≈......# #
###≈≈≈≈≈.≈≈≈≈≈≈≈≈≈≈≈
#
#≈≈≈≈≈≈≈≈≈≈≈≈≈≈≈≈≈≈≈
###
####...≈...≈..≈.≈≈.##
..#
####...≈..≈..w#(.#
#.#
####w########.#####.#
#@# ........##.# #.#
...##.##.#
#.###.####.##.##.#
#................#
.#########.##..... .
#.####### #. #.# # #.
#.# # #. ##.## #
#...# # #...# #


You could see a dart slug.

Vanquished Creatures
  A giant cockroach (D:1)
  2 ball pythons (D:1)
  A bat (D:1)
  A rat (D:1)
5 creatures vanquished.

Notes
Turn   | Place    | Note
-------+----------+-------------------------------------------
     0 | D:1      | grimtooth the Vampire Enchanter began the quest for the
                  | Orb.
     0 | D:1      | Reached XP level 1. HP: 13/13 MP: 3/3
   339 | D:1      | - wow a slug kills me
   339 | D:1      | Killed from afar by a dart slug

Illustrated notes

#.#######.## ###
#.#######.#####
#.##≈≈..≈.....### #
#.#...≈≈≈.....≈.. #
##.≈.≈...≈≈......# #
###≈≈≈≈≈.≈≈≈≈≈≈≈≈≈≈≈
#
#≈≈≈≈≈≈≈≈≈≈≈≈≈≈≈≈≈≈≈
###
####...≈...≈..≈.≈≈.##
..#
####...≈..≈..w#(.#
#.#
####w########.#####.#
#@# ........##.# #.#
...##.##.#
#.###.####.##.##.#
#................#
.#########.##..... .
#.####### #. #.# # #.
#.# # #. ##.## #
#...# # #...# #


Turn 339 on D:1: - wow a slug kills me

Levels and vault maps discovered:
D:1:      lightli_arrival_quake, layout_loops_cross, serial_shops,
          nicolae_lakefront_shop, serial_rivers, chequers_serial_rivers_large_a,
          chequers_serial_rivers_micro_e, chequers_serial_rivers_small_3,
          chequers_serial_rivers_room_a, chequers_serial_rivers_room_b

Action                   || total
-------------------------++-------
Melee: Dagger            ||    20
       Bite              ||     4
 Cast: Corona            ||     5
 Stab: Sleeping          ||     2
Armor: Robe              ||     5
Dodge: Dodged            ||    10
